 Dungeon Crawl Stone Soup version 0.29-a0-757-g358383bc75 (webtiles) character file.

Game seed: 1298325310761624342

29 crusatyr the Slasher (level 3, 0/29 HPs)
             Began as a Demonspawn Monk on July 1, 2022.
             Was a Believer of Okawaru.
             Killed from afar by Sigmund (5 damage)
             ... with a magic dart
             ... on level 2 of the Dungeon.
             The game lasted 00:02:04 (1600 turns).

crusatyr the Slasher (Demonspawn Monk)              Turns: 1600, Time: 00:02:04

Health: 0/29       AC:  6    Str: 13    XL:     3   Next: 1%
Magic:  3/3        EV: 11    Int: 11    God:    Okawaru [**....]
Gold:   49         SH:  0    Dex: 15    Spells: 2/2 levels left

rFire   . . .      SeeInvis .   a - +0 falchion
rCold   . . .      Faith    .   (no shield)
rNeg    . . .      Spirit   .   g - +0 ring mail
rPois   .          Reflect  .   (no helmet)
rElec   .          Harm     .   (no cloak)
rCorr   .          Rampage  .   (no gloves)
Will    .....                   (no boots)
Stlth   ..........              (no amulet)
HPRegen 0.09/turn               (no ring)
MPRegen 0.08/turn               (no ring)

@: confused
A: hooves 1, rugged brown scales 1
a: Renounce Religion, Heroism


You were on level 2 of the Dungeon.
You worshipped Okawaru.
Okawaru was pleased with you.
You visited 1 branch of the dungeon, and saw 2 of its levels.

You collected 49 gold pieces.

Inventory:

Hand Weapons
 a - a +0 falchion (weapon)
Missiles
 e - 10 stones (quivered)
Armour
 b - a +0 robe
 g - a +0 ring mail (worn)
Scrolls
 f - 2 scrolls of blinking {unknown}
 h - a scroll of torment {unknown}
Potions
 c - a potion of ambrosia
 d - a potion of flight {unknown}
 i - a potion of cancellation {unknown}


   Skills:
 - Level 3.0 Fighting
 + Level 3.8 Long Blades
 - Level 2.6 Dodging
 - Level 1.7 Stealth


You had 2 spell levels left.
You didn't know any spells.
Your spell library contained the following spells:

 Spells                   Type           Power      Damage    Failure   Level
 Corpse Rot               Necr/Pois/Air  0%         N/A       100%        4
 Dispel Undead            Necr           0%         3d6       100%        4
 Passage of Golubria      Tloc           0%         N/A       100%        4
 Silence                  Hex/Air        0%         N/A       100%        5
 Lehudib's Crystal Spear  Conj/Erth      0%         10d2      100%        8
 Death Channel            Necr           Unusable   N/A       N/A         6

Dungeon Overview and Level Annotations

Branches:
Dungeon (2/15)

Altars:
Okawaru

Shops:
D:1 (

Annotations:
D:2 Sigmund


Innate Abilities, Weirdness & Mutations

You have large cloven feet.
You are partially covered in rugged brown scales. (AC +1, +3% HP)


Message History

Sigmund points at you and mumbles some strange words.
The puff of flame hits you. Sigmund gestures at you while chanting.
You are confused.
Sigmund giggles. "Time to reap what you sow."
Sigmund barely misses you.
You bump into the rock wall.
Sigmund hits you from afar with a +0 scythe!
You bump into the rock wall.
You bump into the rock wall.
Sigmund closely misses you.
You bump into the rock wall.
You feel less confused.
Sigmund hits you from afar with a +0 scythe!
Sigmund gestures at you while chanting. You resist with significant effort.
Sigmund points at you and mumbles some strange words.
You resist with significant effort. Sigmund gestures at you while chanting.
The magic dart hits you.
* * * LOW HITPOINT WARNING * * *
There is a stone staircase leading up here.
Sigmund points at you and mumbles some strange words.
You are confused.
In your confused state, you trip and fall back down the stairs.
* * * LOW HITPOINT WARNING * * *
In your confused state, you trip and fall back down the stairs.
* * * LOW HITPOINT WARNING * * *
Sigmund casts a spell at you. You resist with significant effort.
Sigmund points at you and mumbles some strange words.
You are more confused.
In your confused state, you trip and fall back down the stairs.
* * * LOW HITPOINT WARNING * * *
In your confused state, you trip and fall back down the stairs.
* * * LOW HITPOINT WARNING * * *
Sigmund laughs darkly.
Sigmund barely misses you.
Sigmund points at you and mumbles some strange words.
The magic dart hits you.
You die...

#....# #.....###.## ####.#
#.....##...######
#######.###...........)...#
.......@........##...####.#
#######.###................
#.# #########.####### #.#
#.# #.####### #.##
#....@.@# #..# #######.#
##.# #.# #.# #.# #.# #.#
#.######.##....#
#..........>##
######..........
##...###### ##.##


You could see Sigmund.

Vanquished Creatures
  A worm (D:2)
  A dart slug (D:1)
  4 bats (D:1)
  3 endoplasms
  A giant cockroach (D:1)
  A goblin (D:2)
  2 hobgoblins
  A kobold (D:1)
  A quokka (D:1)
  2 ball pythons (D:1)
  A frilled lizard (D:1)
  3 rats (D:1)
21 creatures vanquished.

Vanquished Creatures (others)
  A fungus (D:1)
  2 plants (D:1)
3 creatures vanquished.

Grand Total: 24 creatures vanquished

Notes
Turn   | Place    | Note
-------+----------+-------------------------------------------
     0 | D:1      | crusatyr the Demonspawn Monk began the quest for the Orb.
     0 | D:1      | Reached XP level 1. HP: 18/18 MP: 1/1
   192 | D:1      | Gained mutation: You have large cloven feet. [demonic
                  | ancestry]
   192 | D:1      | Reached XP level 2. HP: 16/24 MP: 2/2
   431 | D:1      | Found Heobb's Weapon Shop.
  1242 | D:1      | Found a faded altar of an unknown god.
  1249 | D:1      | Prayed at the altar of an unknown god.
  1249 | D:1      | Became a worshipper of Warmaster Okawaru
  1249 | D:1      | Reached * piety under Okawaru
  1249 | D:1      | Reached ** piety under Okawaru
  1382 | D:2      | Gained mutation: You are partially covered in rugged brown
                  | scales. (AC +1, +3% HP) [demonic ancestry]
  1382 | D:2      | Reached XP level 3. HP: 14/29 MP: 3/3
  1549 | D:2      | Noticed Sigmund
  1600 | D:2      | Killed from afar by Sigmund

Illustrated notes

Levels and vault maps discovered:
D:1:      dpeg_arrival_round_c, layout_basic,
          shapermc_ecumenical_altar_mp_urbaneastern, serial_shops,
          nicolae_shop_bloodbath_and_beyond
D:2:      layout_loops_ring, uniq_sigmund

Skill      XL: |  1 |
---------------+----+-----
Long Blades    | 3 |  3.8
Fighting       | |  3.0
Dodging        | |  2.6
Stealth        | |  1.7

Action                   || total
-------------------------++-------
Melee: Falchion          ||    54
       Punch             ||     1
       Kick              ||    15
 Stab: Sleeping          ||     3
Armor: Robe              ||     9
       Ring mail         ||     2
Dodge: Dodged            ||    35

Table legend: (Time is in decaauts)
 A = Elapsed time spent in this place.
 B = Non-inter-level travel time spent in this place.
 C = Inter-level travel time spent in this place.
 D = Time resting spent in this place.
 E = Time spent auto-exploring this place.
 F = Levels seen in this place.
 G = Mean time per level.
                   A        B        C        D        E       F      G
               +--------+--------+--------+--------+--------+-----+--------+
         Total |   1606 |   1533 |     73 |    159 |   1111 |   2 |  803.0 |
       Dungeon |   1606 |   1533 |     73 |    159 |   1111 |   2 |  803.0 |
               +--------+--------+--------+--------+--------+-----+--------+

Top non-repeatable levels by time:
     D:1: 1297 daAuts
     D:2: 309 daAuts
